 Dungeon Crawl Stone Soup version 0.30-a0-808-g6e0788376e (webtiles) character file.

Game seed: 4707000289275089567

760 cheesebisquit the Digger (level 7, -3/44 HPs)
             Began as a Gargoyle Earth Elementalist on Feb 26, 2023.
             Slain by a water moccasin (8 damage)
             ... on level 4 of the Dungeon.
             The game lasted 00:24:20 (5746 turns).

cheesebisquit the Digger (GrEE)                     Turns: 5746, Time: 00:24:20

Health: -3/44      AC:  7    Str: 18    XL:     7   Next: 80%
Magic:  9/13       EV: 11    Int: 17    God:
Gold:   317        SH:  0    Dex: 10    Spells: 5/14 levels left

rFire   . . .      SeeInvis .    h - +0 whip
rCold   . . .      Faith    .    (no shield)
rNeg    + . .      Spirit   .    a - +0 robe
rPois   ∞          Reflect  .    l - +0 helmet
rElec   +          Harm     .    (no cloak)
rCorr   .          Rampage  .    (no gloves)
Will    .....                    (no boots)
Stlth   ++                       (no amulet)
HPRegen 0.27/turn                s - +6 ring of strength
MPRegen 0.13/turn                (no ring)

@: invisible
A: sickness immunity, AC +4, negative energy resistance 1, electricity
resistance, torment resistance 1, petrification resistance
a: no special abilities


You were on level 4 of the Dungeon.
You visited 1 branch of the dungeon, and saw 5 of its levels.

You collected 317 gold pieces.

Inventory:

Hand Weapons
 h - a +0 whip (weapon)
Missiles
 n - 4 poisoned darts
Armour
 a - a +0 robe (worn)
 l - a +0 helmet (worn)
Magical Staves
 u - a staff of earth
Jewellery
 s - a +6 ring of strength (left hand)
Wands
 e - a wand of flame (30)
Scrolls
 b - a scroll of immolation {unknown}
 d - a scroll of summoning {unknown}
 i - a scroll of blinking {unknown}
 j - a scroll of enchant weapon {unknown}
 m - 3 scrolls of magic mapping
 o - a scroll of poison {unknown}
 q - a scroll of enchant armour {unknown}
 r - a scroll of noise
 t - a scroll of vulnerability
Potions
 c - a potion of resistance
 g - a potion of magic
 k - a potion of ambrosia
 p - 2 potions of mutation
 v - a potion of lignification {unknown}


   Skills:
 + Level 4.4 Fighting
 + Level 3.7 Maces & Flails
 - Level 1.5 Dodging
 - Level 2.1 Stealth
 + Level 4.2 Spellcasting
 - Level 0.7 Transmutations
 + Level 6.1 Earth Magic


You had 5 spell levels left.
You knew the following spells:

 Your Spells              Type           Power      Damage    Failure   Level
a - Sandblast             Erth           48%        2d12      1%          1
b - Stone Arrow           Conj/Erth      28%        3d8       13%         3
c - Lee's Rapid Deconstr  Erth           12%        3d8*      32%         5

Your spell library contained the following spells:

 Spells                   Type           Power      Damage    Failure   Level
 Passwall                 Tmut/Erth      12%        N/A       5%          2
 Foxfire                  Conj/Fire      12%        2x1d4     16%         1
 Magic Dart               Conj           12%        1d3       16%         1
 Poisonous Vapours        Pois/Air       6%         N/A       24%         2
 Searing Ray              Conj           6%         2d4       24%         2
 Petrify                  Tmut/Erth      15%        N/A       36%         4
 Kindle Blastsparks       Fire/Tloc/Air  6%         2d10      43%         3
 Mephitic Cloud           Conj/Pois/Air  3%         N/A       43%         3
 Fulminant Prism          Conj/Hex       1%         3d5       83%         4
 Iskenderun's Mystic Bla  Conj/Tloc      3%         2d3       83%         4
 Blade Hands              Tmut           3%         N/A       97%         5
 Irradiate                Conj/Tmut      2%         3d12      98%         5
 Fireball                 Conj/Fire      1%         3d3       99%         5
 Summon Forest            Summ/Tloc      1%         N/A       99%         5
 Eringya's Noxious Bog    Tmut/Pois      2%         N/A       100%        6
 Starburst                Conj/Fire      1%         6d3       100%        6
 Dragon Form              Tmut           3%         N/A       100%        7
 Summon Hydra             Summ           1%         N/A       100%        7
 Cigotuvi's Dreadful Rot  Necr/Pois/Air  Unusable   N/A       N/A         2

Dungeon Overview and Level Annotations

Branches:
Dungeon (5/15)
 Temple: D:4-7

Altars:
Elyvilon
Yredelemnul

Annotations:
D:3 4 runed translucent doors, Crazy Yiuf; Pokonic1's ghost, amateur FoFi


Innate Abilities, Weirdness & Mutations

You are immune to sickness and miasma.
Your stone body is resilient. (AC +4)
You are immune to poison.
You resist negative energy. (rN+)
You are resistant to electric shocks. (rElec)
You are resistant to unholy torment.
You are immune to petrification.


Message History

A howler monkey comes into view.
The orc attacks as you move away! The orc barely misses you.
The orc attacks as you move away! The orc hits you with a +0 hand axe.
There is a stone staircase leading up here.
The blast of sand hits the orc!
You kill the orc!
Things that are here:
a +0 hand axe; a +0 leather armour You start resting.
A water moccasin comes into view.
There is a stone staircase leading up here.
The blast of sand misses the gnoll.
The water moccasin hisses angrily.
The blast of sand hits the gnoll but does no damage.
The blast of sand hits the gnoll but does no damage.
The gnoll barely misses you. The water moccasin bites you.
The gnoll hits you with a +0 whip.
The blast of sand hits the water moccasin.
The water moccasin is lightly wounded.
The water moccasin bites you but does no damage.
The water moccasin bites you. The gnoll hits you but does no damage.
The water moccasin closely misses you. The gnoll completely misses you.
The water moccasin barely misses you.
You climb upwards.
There is a stone staircase leading down here.
The blast of sand hits the water moccasin.
The water moccasin is lightly wounded.
The water moccasin bites you. The gnoll hits you with a +0 whip.
The water moccasin bites you! The gnoll hits you with a +0 whip.
The water moccasin attacks as you move away!
The water moccasin bites you.
* * * LOW HITPOINT WARNING * * *
Okay, then.
Okay, then.
You fade into invisibility!
You feel your willpower return. The water moccasin bites you!
* * * LOW HITPOINT WARNING * * *
The water moccasin closely misses you. The water moccasin bites you!
You die...

#.....# ######.#
##.....## #####.#
#......# ##...## #.#
#.####.# ##'## #.#
#.#....# #.# #.#
#.#>##.# #.# ## #.#
#.#g##.# ##.## .#
#.# #......# ##...##
.# #.#
###S#########.....##
.######.#
#@##...........#..
........#
#.....)..##.#.##.#
.########
####.###.##.#.##.#
.# #.# #.........#
.# #.# ####.#.####
.# #.# #.#.# ##
#.######.#.#
#..........#### ####
###...........#


You could see a water moccasin (unable to see you) and a gnoll (unable to see
you).

Vanquished Creatures
  Grinder (D:3)
  Menkaure (D:4)
  A phantom (D:3)
  A necrophage (D:4)
  A hound (D:4)
  A jelly (D:4)
  Jessica (D:2)
  Natasha (thrice) (D:2)
  Robin (D:2)
  3 gnolls
  2 adders (D:2)
  An ufetubus (D:4)
  3 worms
  2 dart slugs
  6 orcs
  4 endoplasms
  5 giant cockroaches
  16 goblins
  4 hobgoblins
  8 kobolds
  A quokka (D:2)
  2 ball pythons
  7 bats
  4 frilled lizards
  7 rats
86 creatures vanquished.

Vanquished Creatures (others)
  A withered plant (D:3)
1 creature vanquished.

Grand Total: 87 creatures vanquished

Notes
Turn   | Place    | Note
-------+----------+-------------------------------------------
     0 | D:1      | cheesebisquit the Gargoyle Earth Elementalist began the
                  | quest for the Orb.
     0 | D:1      | Reached XP level 1. HP: 10/10 MP: 3/3
   109 | D:1      | Reached XP level 2. HP: 12/16 MP: 0/5
   111 | D:1      | Reached skill level 1 in Fighting
   469 | D:1      | Reached skill level 4 in Earth Magic
   695 | D:2      | Reached XP level 3. HP: 20/20 MP: 2/6
   749 | D:2      | Noticed Robin
   986 | D:2      | Noticed Natasha
  1183 | D:2      | Killed Natasha
  1184 | D:2      | Reached skill level 1 in Maces & Flails
  1184 | D:2      | Reached XP level 4. HP: 5/26 MP: 1/8
  1212 | D:2      | Noticed Natasha
  1281 | D:2      | Killed Natasha
  1354 | D:2      | Noticed Jessica
  1357 | D:2      | Killed Jessica
  1358 | D:2      | Reached XP level 5. HP: 31/31 MP: 7/9
  1400 | D:2      | Learned a level 3 spell: Stone Arrow
  1406 | D:2      | Learned a level 5 spell: Lee's Rapid Deconstruction
  1548 | D:2      | Noticed Natasha
  1554 | D:2      | Killed Natasha
  1684 | D:2      | Killed Robin
  2961 | D:3      | Noticed a phantom
  2979 | D:3      | Killed a phantom
  2980 | D:3      | Reached skill level 5 in Earth Magic
  2980 | D:3      | Reached XP level 6. HP: 36/37 MP: 9/11
  3015 | D:3      | Found a runed translucent door.
  3016 | D:3      | Noticed Crazy Yiuf
  3036 | D:3      | Noticed Grinder
  3121 | D:3      | Found a runed translucent gate.
  3121 | D:3      | Found a runed translucent gate.
  3121 | D:3      | Found a runed translucent gate.
  3610 | D:3      | Found a basalt altar of Yredelemnul.
  3716 | D:3      | Noticed Pokonic1's ghost (amateur FoFi)
  3951 | D:3      | Paralysed by Grinder for 2 turns
  3982 | D:3      | Paralysed by Grinder for 4 turns
  3994 | D:3      | Killed Grinder
  3995 | D:3      | Reached XP level 7. HP: 37/42 MP: 8/12
  4827 | D:4      | Noticed Menkaure
  4844 | D:4      | Killed Menkaure
  4845 | D:4      | Reached skill level 6 in Earth Magic
  5367 | D:4      | Found a white marble altar of Elyvilon.
  5516 | D:5      | Entered Level 5 of the Dungeon
  5588 | D:5      | Identified the +5 robe of Calculation {Harm Rampage rC-
                  | rN+++}
  5746 | D:4      | Slain by a water moccasin

Illustrated notes

Levels and vault maps discovered:
D:1:      heliophobic_arrival_henge, layout_rooms
D:2:      layout_rooms, uniq_jessica, uniq_robin, uniq_natasha
D:3:      layout_loops_ring, yredelemnul_altar_generic,
          gammafunk_ghost_necromancy, kennysheep_generic_room_8,
          uniq_crazy_yiuf_cottage, uniq_grinder
D:4:      layout_loops_corners, old_standard_altar, minmay_tree_intersection,
          uniq_menkaure
D:5:      layout_rooms, chequers_serial_rivers_room_a,
          kennysheep_generic_room_13, uniq_duvessa

Skill      XL: |  1  2  3  4  5  6  7 |
---------------+----------------------+-----
Fighting       | 1 2 3 4 |  4.4
Earth Magic    | 4 5 6 |  6.1
Maces & Flails | 1 2 3 |  3.7
Spellcasting   | 3 4 |  4.2
Dodging        | |  1.5
Stealth        | |  2.1
Transmutations | |  0.7

Action                     |  1- 3 |  4- 6 |  7- 9 || total
---------------------------+-------+-------+-------++-------
  Melee: Short sword       |    22 |       |       ||    22
         Whip              |     3 |     4 |       ||     7
   Cast: Sandblast         |    46 |    70 |    38 ||   154
    Use: Scroll            |     2 |       |     7 ||     9
         Potion            |       |     1 |     1 ||     2
 Armour: Robe              |    33 |    22 |     7 ||    62
  Dodge: Dodged            |    35 |    15 |    11 ||    61

Table legend: (Time is in decaauts)
 A = Elapsed time spent in this place.
 B = Non-inter-level travel time spent in this place.
 C = Inter-level travel time spent in this place.
 D = Time resting spent in this place.
 E = Time spent auto-exploring this place.
 F = Levels seen in this place.
 G = Mean time per level.
                   A        B        C        D        E       F      G
               +--------+--------+--------+--------+--------+-----+--------+
         Total |   5828 |   5050 |    778 |   1181 |   2660 |   5 | 1165.6 |
       Dungeon |   5828 |   5050 |    778 |   1181 |   2660 |   5 | 1165.6 |
               +--------+--------+--------+--------+--------+-----+--------+

Top non-repeatable levels by time:
     D:2: 1762 daAuts
     D:3: 1651 daAuts
     D:4: 1194 daAuts
     D:1: 1097 daAuts
     D:5: 122 daAuts
